 Seeded DCSS version 0.29-a0-520-gc852659d43 (webtiles) character file.

Game seed: 7281976 (custom seed)

128 hquester1 the Shield-Bearer (level 4, -3/45 HPs)
             Began as a Troll Fighter on May 31, 2022.
             Slain by pikachuplayz's ghost (9 damage)
             ... on level 3 of the Dungeon.
             The game lasted 00:05:56 (2186 turns).

hquester1 the Shield-Bearer (Troll Fighter)         Turns: 2186, Time: 00:05:57

Health: -3/45      AC:  4    Str: 24    XL:     4   Next: 87%
Magic:  3/3        EV:  9    Int:  4    God:
Gold:   189        SH:  8    Dex: 11    Spells: 3/3 levels left

rFire   . . .      SeeInvis .   a - +1 flail
rCold   . . .      Faith    .   c - +0 kite shield
rNeg    . . .      Spirit   .   b - +0 robe
rPois   .          Reflect  .   (helmet restricted)
rElec   .          Harm     .   (no cloak)
rCorr   .          Rampage  .   (gloves unavailable)
Will    .....                   (boots unavailable)
Stlth   +.........              (no amulet)
HPRegen 0.95/turn               (no ring)
MPRegen 0.08/turn               (no ring)

@: no status effects
A: large, unfitting armour, claws 3, regeneration 1, shaggy fur 1, tough skin 1
a: no special abilities


You were on level 3 of the Dungeon.
You visited 1 branch of the dungeon, and saw 3 of its levels.

You collected 189 gold pieces.

Inventory:

Hand Weapons
 a - a +1 flail (weapon)
 j - a +2 mace of holy wrath
Armour
 b - a +0 robe (worn)
 c - a +0 kite shield (worn)
 p - a scarf of invisibility
Jewellery
 g - a ring of wizardry
Scrolls
 e - a scroll of fog {unknown}
 f - a scroll of poison {unknown}
 k - a scroll of immolation {unknown}
 n - 2 scrolls of magic mapping {unknown}
 o - a scroll of amnesia {unknown}
Potions
 d - 2 potions of might
 i - a potion of flight {unknown}
 l - a potion of ambrosia {unknown}
 m - a potion of curing {unknown}


   Skills:
 + Level 3.1 Fighting
 + Level 2.7 Maces & Flails
 + Level 3.1 Dodging
 + Level 3.4 Shields


You had 3 spell levels left.
You didn't know any spells.
Your spell library contained the following spells:

 Spells                   Type           Power      Damage    Failure   Level
 Confusing Touch          Hex            0%         N/A       99%         3
 Yara's Violent Unravell  Hex/Tmut       0%         3d3       100%        5
 Enfeeble                 Hex            0%         N/A       100%        7


Dungeon Overview and Level Annotations

Branches:
Dungeon (3/15)

Altars:

Shops:
D:1 ([

Annotations:
D:3 pikachuplayz's ghost, weakling HOFi


Innate Abilities, Weirdness & Mutations

You are too large for most types of armour.
You have claws for hands.
Your natural rate of healing is unusually fast.
You are covered in fur. (AC +1)
You have tough skin. (AC +1)


Message History

Pikachuplayz's ghost barely misses you.
You hit pikachuplayz's ghost.
Pikachuplayz's ghost is severely damaged.
You block pikachuplayz's ghost's attack.
You hit pikachuplayz's ghost.
Pikachuplayz's ghost is severely damaged.
You block pikachuplayz's ghost's attack.
Pikachuplayz's ghost hits you but does no damage.
You hit pikachuplayz's ghost.
Pikachuplayz's ghost is severely damaged.
You block pikachuplayz's ghost's attack.
You hit pikachuplayz's ghost but do no damage.
Pikachuplayz's ghost is severely damaged.
Pikachuplayz's ghost barely misses you.
You closely miss pikachuplayz's ghost.
Pikachuplayz's ghost is severely damaged.
Pikachuplayz's ghost hits you!
You block pikachuplayz's ghost's attack.
You hit pikachuplayz's ghost.
Pikachuplayz's ghost is almost destroyed.
Pikachuplayz's ghost hits you!
You hit pikachuplayz's ghost but do no damage.
Pikachuplayz's ghost is almost destroyed.
Pikachuplayz's ghost barely misses you.
You block pikachuplayz's ghost's attack.
You closely miss pikachuplayz's ghost.
Pikachuplayz's ghost is almost destroyed.
Pikachuplayz's ghost hits you!
You barely miss pikachuplayz's ghost.
Pikachuplayz's ghost is almost destroyed.
Pikachuplayz's ghost barely misses you.
You closely miss pikachuplayz's ghost.
Pikachuplayz's ghost is almost destroyed.
Pikachuplayz's ghost laughs, "And you think you're capable of finding the ORB?
I had it, you know.
Then I gave it away so I could steal it AGAIN."
Pikachuplayz's ghost closely misses you.
Pikachuplayz's ghost hits you!
* * * LOW HITPOINT WARNING * * *
Pikachuplayz's ghost attacks as you move away!
Pikachuplayz's ghost hits you!
You die...

.....#########...# #.#
#.......'
..#..#.......#..## #.#
#.....###
###..#..#.#..#..# #.#
#.....# # #..#g.)#...'..#
#.####.....# #
#..#.......'..#
#....#.....# #
#..#.:.#.$.†[.#
#......#####
#..#..#.#..#..# #......#
#..#.......#.W## #.##...#
#..#########..@# #.##...#
#..............###'##...#
#..............÷......###
#######........##.....#
###########.....# #.....#
#.....# #.....# #.....#


You could see pikachuplayz's ghost.

Vanquished Creatures
  4 gnolls (D:2)
  3 adders
  A worm (D:3)
  An orc (D:3)
  A bat (D:1)
  5 endoplasms
  3 giant cockroaches (D:1)
  3 goblins
  7 hobgoblins
  2 jackals (D:1)
  9 kobolds
  4 quokkas
  6 ball pythons
  A frilled lizard (D:3)
  7 rats
57 creatures vanquished.

Notes
Turn   | Place    | Note
-------+----------+-------------------------------------------
     0 | D:1      | hquester1 the Troll Fighter began the quest for the Orb.
     0 | D:1      | Reached XP level 1. HP: 22/22 MP: 0/0
    51 | D:1      | Found Rinosme's Weapon Shoppe.
   114 | D:1      | Reached XP level 2. HP: 29/29 MP: 1/1
   338 | D:1      | Found Bingusergh's Antique Armour Shoppe.
   965 | D:2      | Reached XP level 3. HP: 36/36 MP: 2/2
  1147 | D:2      | Reached XP level 4. HP: 9/44 MP: 3/3
  1889 | D:3      | Noticed pikachuplayz's ghost (weakling HOFi)
  1897 | D:3      | Found a runed translucent gate.
  1897 | D:3      | Found a runed translucent gate.
  1897 | D:3      | Found a runed translucent gate.
  2186 | D:3      | Slain by pikachuplayz's ghost

Illustrated notes

Levels and vault maps discovered:
D:1:      tarquinn_simple_flora_water_f, layout_loops_corners, serial_shops,
          nicolae_shop_bloodbath_and_beyond, nicolae_shop_waterfront,
          minmay_split_cup_large
D:2:      layout_basic
D:3:      layout_basic, gammafunk_ghost_split

Skill      XL: |  1  2  3  4 |
---------------+-------------+-----
Maces & Flails | 2 |  2.7
Shields        | 3 |  3.4
Fighting       | 3 |  3.1
Dodging        | 3 |  3.1

Action                   |  1- 3 |  4- 6 || total
-------------------------+-------+-------++-------
Melee: Flail             |   107 |    77 ||   184
  Use: Potion            |     2 |     1 ||     3
       Scroll            |       |     4 ||     4
 Stab: Sleeping          |       |     1 ||     1
Armor: Robe              |    42 |    13 ||    55
Dodge: Dodged            |    52 |    32 ||    84
Block: Kite shield       |    40 |    26 ||    66

Table legend: (Time is in decaauts)
 A = Elapsed time spent in this place.
 B = Non-inter-level travel time spent in this place.
 C = Inter-level travel time spent in this place.
 D = Time resting spent in this place.
 E = Time spent auto-exploring this place.
 F = Levels seen in this place.
 G = Mean time per level.
                   A        B        C        D        E       F      G
               +--------+--------+--------+--------+--------+-----+--------+
         Total |   2268 |   2234 |     34 |     36 |   1566 |   3 |  756.0 |
       Dungeon |   2268 |   2234 |     34 |     36 |   1566 |   3 |  756.0 |
               +--------+--------+--------+--------+--------+-----+--------+

Top non-repeatable levels by time:
     D:1: 936 daAuts
     D:2: 717 daAuts
     D:3: 614 daAuts
